 Dungeon Crawl Stone Soup version 0.21-a0-442-g848f44b (webtiles) character file.

157 Laiders the Cudgeler (level 5, 0/45 HPs)
             Began as a Minotaur Fighter on Nov 15, 2017.
             Killed from afar by an orc wizard (2 damage)
             ... with a magic dart
             ... on level 4 of the Dungeon.
             The game lasted 00:04:01 (2173 turns).

Laiders the Cudgeler (Minotaur Fighter)             Turns: 2173, Time: 00:04:02

Health: 0/45       AC: 10    Str: 25    XL:     5   Next: 15%
Magic:  4/4        EV:  6    Int:  5    God:
Gold:   144        SH: 10    Dex: 11    Spells: 4/4 levels left

rFire    . . .     SeeInvis .   a - +0 flail
rCold    . . .     Gourm    .   c - +0 shield
rNeg     . . .     Faith    .   n - +0 chain mail
rPois    .         Spirit   .   (helmet restricted)
rElec    .         Reflect  .   (no cloak)
rCorr    .         Harm     .   (no gloves)
MR       .....                  b - +0 pair of boots
Stlth    ..........             (no amulet)
HPRegen  0.15/turn              (no ring)
MPRegen  0.09/turn              (no ring)

@: mighty
A: retaliatory headbutt, horns 2
a: no special abilities


You were on level 4 of the Dungeon.
You were not hungry.

You visited 1 branch of the dungeon, and saw 4 of its levels.

You collected 144 gold pieces.

Inventory:

Hand Weapons
 a - a +0 flail (weapon)
Missiles
 g - a throwing net (quivered)
 o - 5 tomahawks
Armour
 b - a +0 pair of boots (worn)
 c - a +0 shield (worn)
 n - a +0 chain mail (worn)
Jewellery
 q - an uncursed amulet of guardian spirit {unknown}
Scrolls
 h - a scroll of enchant weapon {unknown}
 i - a scroll of fear {unknown}
 j - 2 scrolls of identify {unknown}
 k - a scroll of remove curse {unknown}
 m - 2 scrolls of teleportation {unknown}
 p - a scroll of noise {unknown}
Potions
 e - a potion of flight {unknown}
 l - a potion of mutation {unknown}
Comestibles
 f - 2 bread rations


   Skills:
 - Level 3.6 Fighting
 + Level 6.5 Maces & Flails
 - Level 3.6 Armour
 - Level 3.6 Shields


You had 4 spell levels left.
You didn't know any spells.

Dungeon Overview and Level Annotations

Branches:
Dungeon (4/15)
 Temple: D:4-7

Altars:
Dithmenos
Xom


Innate Abilities, Weirdness & Mutations

You reflexively headbutt those who attack you in melee.
You have a pair of horns on your head.


Message History

* * * LOW HITPOINT WARNING * * *
The orc priest miscasts a cantrip.
You hit the orc priest.
You kill the orc priest!
Your Maces & Flails skill increases to level 6!
The orc priest hits you with a flail of crushing.
* * * LOW HITPOINT WARNING * * *
x2 You bludgeon the orc priest!!
You kill the orc priest!
You have reached level 5!
You block the orc wizard's attack.
You sock the orc wizard!
The orc wizard is almost dead.
The orc wizard gestures wildly while chanting.
The orc wizard blinks!
The orc wizard casts a spell.
The orc wizard blinks!
The orc wizard points at you and mumbles some strange words.
The magic dart hits you!
You die...

####. .#
#.#....####.#
#.#.........#
...........###
....ยง.o.....
#(##......#
#.#.#...)####.#
#..###.@<......
####...#.>#).....#
#....##.##.####..#
#.##..### ## #
##.##.#.# ###
#..##.....
..#..#.#
#.#########
#.#..#.# #.#
#.#..#.# #.#
#.#....#


You could see an orc wizard.

Vanquished Creatures
  2 orc priests (D:4)
  Jessica (D:2)
  2 adders (D:3)
  An ooze (D:3)
  2 dart slugs
  A leopard gecko (D:2)
  6 orcs
  3 bats
  3 giant cockroaches
  5 goblins
  3 hobgoblins
  A quokka (D:3)
  A ball python (D:4)
  3 frilled lizards
  A jackal skeleton (D:4)
  3 kobolds (D:3)
  7 rats
45 creatures vanquished.

Notes
Turn   | Place    | Note
-------+----------+-------------------------------------------
     0 | D:1      | Laiders the Minotaur Fighter began the quest for the Orb.
     0 | D:1      | Reached XP level 1. HP: 19/19 MP: 0/0
   101 | D:1      | Reached skill level 3 in Maces & Flails
   161 | D:1      | Reached XP level 2. HP: 25/26 MP: 1/1
   245 | D:1      | You fall through a shaft!
   286 | D:2      | Found a shimmering altar of Xom.
   286 | D:2      | Found a shimmering altar of Xom.
   287 | D:2      | Found a shimmering altar of Xom.
   287 | D:2      | Found a shimmering altar of Xom.
   321 | D:2      | Noticed Jessica
   326 | D:2      | Killed Jessica
   326 | D:2      | Reached skill level 4 in Maces & Flails
   326 | D:2      | Reached XP level 3. HP: 11/31 MP: 2/2
   704 | D:2      | You fall through a shaft!
  1014 | D:3      | Reached skill level 5 in Maces & Flails
  1138 | D:3      | Reached XP level 4. HP: 38/39 MP: 3/3
  1939 | D:3      | Found a shadowy altar of Dithmenos.
  2168 | D:4      | Reached skill level 6 in Maces & Flails
  2168 | D:4      | HP: 1/39 [orc priest/flail of crushing (1)]
  2169 | D:4      | Reached XP level 5. HP: 1/45 MP: 4/4
  2173 | D:4      | Killed from afar by an orc wizard

Vault maps used:
D:1:      saegor_arrival_simple_e, serial_bayou_ford_a, wad_floor_pattern_2
D:2:      lemuel_round_altar, xom_redecorated, uniq_jessica,
          uniq_crazy_yiuf_cottage
D:3:      nicolae_dithmenos_through_a_glass_darkly, first_bread,
          minmay_misc_feat_rugged
D:4:      lemuel_round_altar, minmay_temple_entry_oklob, serial_shops, shop

Skill      XL: |  1  2  3  4 |
---------------+-------------+-----
Maces & Flails | 3 4 5 6 |  6.5
Fighting       | |  3.6
Armour         | |  3.6
Shields        | |  3.6

Action                   |  1- 3 |  4- 6 || total
-------------------------+-------+-------++-------
Melee: Flail             |    67 |    39 ||   106
       Headbutt          |    11 |     2 ||    13
  Use: Potion            |       |     1 ||     1
  Eat: Chunk             |       |     4 ||     4
Armor: Scale mail        |    20 |       ||    20
       Chain mail        |     8 |    22 ||    30
Dodge: Dodged            |    15 |     9 ||    24
Block: Shield            |    37 |    20 ||    57

Table legend:
 A = Spawn XP
 B = Non-spawn XP
 C = Spawn XP percentage of total XP
 D = Spawn monster count
 E = Non-spawn monster count
 F = Spawn count percentage of total count
 G = Total turns spent on level
                    A         B        C        D         E        F      G
               +---------+---------+-------+---------+---------+-------+---------
         Total |       0 |     225 |   0.0 |       0 |      45 |   0.0 |  2173
               +---------+---------+-------+---------+---------+-------+---------
           D:1 |       0 |      12 |   0.0 |       0 |       6 |   0.0 |   245
           D:2 |       0 |      46 |   0.0 |       0 |       7 |   0.0 |   459
           D:3 |       0 |      75 |   0.0 |       0 |      26 |   0.0 |  1384
           D:4 |       0 |      92 |   0.0 |       0 |       6 |   0.0 |    85
               +---------+---------+-------+---------+---------+-------+---------
